 Dungeon Crawl Stone Soup version 0.27.1 (webtiles) character file.

Game seed: 17384293286320765594

107 Descartes the Magician (level 4, -2/24 HPs)
             Began as a Deep Elf Wanderer on Sept 4, 2021.
             Slain by a gnoll (6 damage)
             ... on level 4 of the Dungeon.
             The game lasted 00:11:28 (4802 turns).

Descartes the Magician (Deep Elf Wanderer)          Turns: 4802, Time: 00:11:28

Health: -2/24      AC:  6    Str: 16    XL:     4   Next: 57%
Magic:  2/12       EV: 12    Int: 16    God:
Gold:   113        SH:  0    Dex: 15    Spells: 8/12 levels left

rFire    . . .     SeeInvis .   e - +1 dagger (speed)
rCold    . . .     Faith    .   (no shield)
rNeg     + . .     Spirit   .   c - +0 leather armour
rPois    .         Reflect  .   o - +1 helmet
rElec    .         Harm     .   i - +0 cloak
rCorr    .         Rampage  .   (no gloves)
Will     .....                  (no boots)
Stlth    ++........             (no amulet)
HPRegen  0.08/turn              a - ring of positive energy
MPRegen  0.13/turn              l - +6 ring of strength

@: no status effects
A: no striking features
a: no special abilities


You were on level 4 of the Dungeon.
You visited 1 branch of the dungeon, and saw 4 of its levels.

You collected 113 gold pieces.

Inventory:

Hand Weapons
 e - a +1 dagger of speed (weapon)
 m - a +0 hunting sling
Missiles
 b - 2 throwing nets (quivered)
 f - 47 stones
 j - 4 javelins
 r - 54 arrows
Armour
 c - a +0 leather armour (worn)
 i - a +0 cloak (worn)
 o - a +1 helmet (worn)
Jewellery
 a - a ring of positive energy (left hand)
 l - a +6 ring of strength (right hand)
Scrolls
 d - a scroll of magic mapping {unknown}
 h - a scroll of identify {unknown}
 k - a scroll of torment {unknown}
 q - a scroll of teleportation
Potions
 g - 2 potions of berserk rage {unknown}


   Skills:
 - Level 1.0 Polearms
 + Level 2.9 Dodging
 + Level 2.9 Stealth
 + Level 4.6 Spellcasting
 + Level 2.4 Conjurations
 - Level 2.0 Hexes
 + Level 2.3 Fire Magic
 + Level 1.7 Earth Magic


You had 8 spell levels left.
You knew the following spells:

 Your Spells              Type           Power      Damage    Failure   Level
a - Foxfire               Conj/Fire      44%        2x1d6     8%          1
b - Conjure Flame         Conj/Fire      11%        6-21      22%         3

Your spell library contained the following spells:

 Spells                   Type           Power      Damage    Failure   Level
 Animate Skeleton         Necr           6%         N/A       21%         1
 Pain                     Necr           12%        1d4       21%         1
 Dazzling Flash           Conj/Hex       20%        N/A       24%         3
 Vampiric Draining        Necr           1%         2d6       52%         3
 Silence                  Hex/Air        3%         N/A       98%         5
 Agony                    Necr           3%         N/A       99%         5


Dungeon Overview and Level Annotations

Branches:
Dungeon (4/15)
 Temple: D:4-7

Altars:
Uskayaw

Annotations:
D:1 Terence
D:2 Crazy Yiuf
D:4 Robin


Message History

The gnoll is severely wounded.
The foxfire hits the gnoll.
The gnoll is almost dead.
The gnoll completely misses you.
The gnoll hits you from afar with a +0 spear.
Casting: Foxfire (safe; 8% risk of failure)
Confirm with . or Enter, or press ? or * to list all spells.
You don't have enough magic to cast this spell.
Unknown command.
Unknown command.
Casting: Foxfire (safe; 8% risk of failure)
Confirm with . or Enter, or press ? or * to list all spells.
You don't have enough magic to cast this spell.
Unknown command.
Unknown command.
Your foxfire dissipates!
The foxfire hits the gnoll.
The gnoll is almost dead.
The shadow imp gestures at you.
You barely resist.
The gnoll hits you from afar with a +0 spear.
You barely miss the gnoll.
The gnoll is almost dead.
The gnoll hits you from afar with a +0 spear.
* * * LOW HITPOINT WARNING * * *
The gnoll hits you but does no damage.
Found an escape hatch in the ceiling.
You hit the gnoll but do no damage.
The gnoll is almost dead.
The gnoll hits you from afar with a +0 spear.
* * * LOW HITPOINT WARNING * * *
Found 11 gold pieces.
The shadow imp disappears for a moment.
An adder comes into view.
The adder hisses angrily.
The gnoll barely misses you. The adder closely misses you.
There is an escape hatch in the ceiling here.
The adder barely misses you. The gnoll hits you with a +0 club.
You die...

#### ... # #.# .
#.##.####.... #
#...S@....#
####.####g######
........g.$......
###.##5#.#######
# #.#.#
####.##.#.###
.......5....#
####.##.#...####
#.##........#


You could see 2 gnolls, an adder and a shadow imp.

Vanquished Creatures
  A gnoll (D:4)
  2 adders (D:3)
  3 worms
  A dart slug (D:3)
  An orc (D:3)
  3 bats
  2 endoplasms
  5 giant cockroaches
  8 hobgoblins
  5 quokkas
  3 ball pythons
  4 frilled lizards
  14 goblins
  2 kobolds (D:1)
  A quokka skeleton (D:4)
  6 rats
61 creatures vanquished.

Vanquished Creatures (collateral kills)
  27 foxfires (D:1)
27 creatures vanquished.

Vanquished Creatures (others)
  327 foxfires
  A fungus (D:2)
  4 plants (D:1)
332 creatures vanquished.

Grand Total: 420 creatures vanquished

Notes
Turn   | Place    | Note
-------+----------+-------------------------------------------
     0 | D:1      | Descartes the Deep Elf Wanderer began the quest for the
                  | Orb.
     0 | D:1      | Descartes set off with the following items: a +0 short
                  | sword, 2 throwing nets, a +0 leather armour, a +0 dagger;
                  | and the following spell memorised: Foxfire; and the
                  | following spells available to memorise: Conjure Flame
     0 | D:1      | Reached XP level 1. HP: 10/10 MP: 7/7
   199 | D:1      | Reached skill level 1 in Conjurations
   199 | D:1      | Reached skill level 1 in Fire Magic
   257 | D:1      | Reached XP level 2. HP: 15/15 MP: 5/9
   631 | D:1      | Found a faded altar of an unknown god.
  1533 | D:2      | Reached XP level 3. HP: 19/19 MP: 6/10
  1840 | D:2      | Noticed Terence
  2776 | D:2      | Found a runed translucent door.
  2777 | D:2      | Noticed Crazy Yiuf
  3023 | D:1      | Learned a level 3 spell: Conjure Flame
  3607 | D:3      | Reached XP level 4. HP: 24/24 MP: 7/12
  3852 | D:3      | Noticed a +0 falchion
  3853 | D:3      | Noticed a +0 short sword
  3853 | D:3      | Noticed a +0 dagger
  3853 | D:3      | Noticed a +0 short sword
  3853 | D:3      | Noticed a +0 spear
  3854 | D:3      | Noticed a +0 dagger
  3854 | D:3      | Noticed a +0 spear
  3855 | D:3      | Noticed a +0 falchion
  3866 | D:3      | Found a hide-covered altar of Uskayaw.
  4542 | D:4      | Noticed a black bear
  4632 | D:4      | Noticed Robin
  4802 | D:4      | Slain by a gnoll

Illustrated notes

Levels and vault maps discovered:
D:1:      scummos_arrival_star, layout_loops_ring,
          shapermc_ecumenical_altar_hornbeckon, serial_forest,
          infiniplex_forest_lined_2, infiniplex_forest_lined_room_2,
          infiniplex_forest_clump_long, infiniplex_forest_clump_double,
          infiniplex_forest_clump_large, infiniplex_forest_lined_ring,
          infiniplex_forest_clump_double, infiniplex_forest_clump_C,
          infiniplex_forest_clump_medium, infiniplex_forest_straight_4
D:2:      layout_loops_ring, small_statue_intersection, uniq_crazy_yiuf_cottage,
          uniq_terence
D:3:      layout_basic, nicolae_uskayaw_en_pointe, grunt_ministairs_15
D:4:      layout_basic, gammafunk_temple_overflow_statue,
          gup_sewer_entry_spiral, minmay_close_crescents, uniq_robin

Skill      XL: |  1  2  3  4 |
---------------+-------------+-----
Conjurations   | 1 2 |  2.4
Fire Magic     | 1 2 |  2.3
Hexes          | 2 |  2.0
Polearms       | |  1.0
Dodging        | |  2.9
Stealth        | |  2.9
Spellcasting   | |  4.6
Earth Magic    | |  1.7

Action                   |  1- 3 |  4- 6 || total
-------------------------+-------+-------++-------
Melee: Dagger            |    20 |     3 ||    23
 Cast: Foxfire           |   156 |    76 ||   232
  Use: Potion            |     5 |       ||     5
       Scroll            |       |     3 ||     3
Armor: Leather armour    |     9 |     7 ||    16
Dodge: Dodged            |    33 |    17 ||    50
